 Dungeon Crawl Stone Soup version 0.24-a0-736-g4e6fe308c7 (webtiles) character file.

Game seed: 16754482977701602542, levelgen mode: deterministic

465212 martty the Slayer (level 23, 0/236 HPs)
             Began as a Minotaur Fighter on Oct 1, 2019.
             Was the Champion of Makhleb.
             Slain by a caustic shrike (18 damage)
             ... on level 3 of the Depths on Oct 2, 2019.
             The game lasted 07:29:52 (55340 turns).

martty the Slayer (Minotaur Fighter)               Turns: 55340, Time: 07:29:52

Health: 0/236      AC: 22    Str: 32    XL:     23   Next: 43%
Magic:  24/27      EV: 10    Int:  9    God:    Makhleb [******]
Gold:   2993       SH: 17    Dex: 13    Spells: 20/22 levels left

rFire    . . .     SeeInvis .   X - +5 demon trident of the Gnat {freeze, rElec Int+3 Dex+2}
rCold    + . .     Gourm    .   c - +2 shield
rNeg     . . .     Faith    +   a - +0 crystal plate armour
rPois    +         Spirit   .   (helmet restricted)
rElec    +         Reflect  .   b - +2 cloak {MR+}
rCorr    .         Harm     .   g - +1 pair of gloves {Str+3}
MR       ++++.     Rnd*Rage +   y - +0 pair of boots
Stlth    ..........             v - amulet of faith
HPRegen  0.49/turn              R - +4 ring of slaying
MPRegen  0.20/turn              x - ring of the Komtur {Wiz +Blink rPois rC+ MR++}

@: corroded, hasted, very quick
A: retaliatory headbutt, horns 2, berserk 1, blurry vision 1, low mp 1
}: 2/15 runes: serpentine, barnacled
a: Minor Destruction, Lesser Servant of Makhleb, Major Destruction, Greater
Servant of Makhleb, Renounce Religion, Evoke Blink


You were on level 3 of the Depths.
You worshipped Makhleb.
Makhleb was exalted by your worship.
You were hungry.

You visited 9 branches of the dungeon, and saw 42 of its levels.
You visited 1 bazaar.
You also visited: Sewer, Ossuary, Gauntlet and Ice Cave.

You collected 4385 gold pieces.
You spent 1392 gold pieces at shops.

Inventory:

Hand Weapons
 X - the +5 demon trident of the Gnat (weapon) {freeze, rElec Int+3 Dex+2}
   (You took it off a merfolk on level 4 of the Shoals)

   It has been specially enchanted to freeze those struck by it, causing extra
   injury to most foes and up to half again as much damage against particularly
   susceptible opponents.
   It can also slow down cold-blooded creatures.
   It affects your intelligence (+3).
   It affects your dexterity (+2).
   It insulates you from electricity.
Missiles
 u - 43 silver javelins (quivered)
Armour
 a - a +0 crystal plate armour (worn)
 b - a +2 cloak of magic resistance (worn)
 c - a +2 shield (worn)
 g - a +1 pair of gloves of strength (worn)
 h - a scarf of repulsion
 y - a +0 pair of boots (worn)
 T - a scarf of cloud immunity
 W - +4 fire dragon scales {Xtahua}
 Z - a scarf of resistance
Jewellery
 k - an uncursed ring of protection from cold
 v - an amulet of faith (around neck)
 x - the ring of the Komtur (right hand) {Wiz +Blink rPois rC+ MR++}
   (You found it in a Gauntlet)

   [ring of wizardry]

   It improves your spell success rate.
   It protects you from cold.
   It protects you from poison.
   It affects your resistance to hostile enchantments.
   It lets you blink.
 I - an uncursed ring of see invisible
 R - a +4 ring of slaying (left hand)
Wands
 e - a wand of enslavement (7)
 m - a wand of clouds (9)
 w - a wand of paralysis (40)
 D - a wand of scattershot (4)
 L - a wand of iceblast (65)
 N - a wand of disintegration (29)
 P - a wand of digging (9)
 Q - a wand of polymorph (39)
 S - a wand of acid (5)
Scrolls
 i - a scroll of holy word
 j - 13 scrolls of teleportation
 l - 33 scrolls of remove curse
 o - 4 scrolls of identify
 p - 2 scrolls of fear
 A - 6 scrolls of amnesia
 G - 8 scrolls of enchant armour
 H - 5 scrolls of magic mapping
 J - 4 scrolls of fog
 K - 4 scrolls of blinking
 M - 3 scrolls of summoning
 V - 2 scrolls of silence
 Y - 4 scrolls of enchant weapon
Potions
 d - 7 potions of might
 q - 3 potions of ambrosia
 s - 9 potions of lignification
 t - 10 potions of agility
 z - 7 potions of curing
 B - 2 potions of berserk rage
 C - 5 potions of haste
 E - a potion of brilliance
 F - 3 potions of resistance
 O - 2 potions of cancellation
 U - 6 potions of invisibility
Comestibles
 f - 45 rations
 n - 26 chunks of flesh


   Skills:
 + Level 26.0 Fighting
 + Level 25.1 Polearms
 - Level 9.0 Throwing
 + Level 19.3 Armour
 - Level 6.1 Dodging
 - Level 15.1 Shields
 - Level 8.0 Translocations
 - Level 11.2 Invocations


You had 20 spell levels left.
You knew the following spells:

 Your Spells              Type           Power        Failure   Level  Hunger
a - Blink                 Tloc           N/A          9%          2    ###....

Your spell library contained the following spells:

 Spells                   Type           Power        Failure   Level  Hunger
 Gell's Gravitas          Tloc           ##........   16%         3    ####...
 Lesser Beckoning         Tloc           ##........   16%         3    ####...
 Teleport Other           Tloc           ##......     16%         3    ####...
 Shroud of Golubria       Chrm/Tloc      #.....       38%         2    ###....
 Passage of Golubria      Tloc           N/A          45%         4    #####..
 Recall                   Summ/Tloc      N/A          61%         3    ####...
 Animate Skeleton         Necr           N/A          80%         1    ##.....
 Corona                   Hex            #......      80%         1    ##.....
 Flame Tongue             Conj/Fire      #....        80%         1    ##.....
 Freeze                   Ice            #...         80%         1    ##.....
 Magic Dart               Conj           #...         80%         1    ##.....
 Pain                     Necr           #...         80%         1    ##.....
 Sting                    Conj/Pois      #...         80%         1    ##.....
 Summon Butterflies       Summ           #.......     80%         1    ##.....
 Call Imp                 Summ           #.......     89%         2    ###....
 Corpse Rot               Necr           N/A          89%         2    ###....
 Ensorcelled Hibernation  Hex/Ice        #.....       89%         2    ###....
 Poisonous Vapours        Pois/Air       #.....       89%         2    ###....
 Searing Ray              Conj           #.....       89%         2    ###....
 Slow                     Hex            #.......     89%         2    ###....
 Sublimation of Blood     Necr           #.........   89%         2    ###....
 Throw Frost              Conj/Ice       #.....       89%         2    ###....
 Force Lance              Conj/Tloc      #.......     94%         4    #####..
 Call Canine Familiar     Summ           #.......     98%         3    ####...
 Confuse                  Hex            #.......     98%         3    ####...
 Conjure Flame            Conj/Fire      #.......     98%         3    ####...
 Dazzling Spray           Conj/Hex       #.....       98%         3    ####...
 Ignite Poison            Fire/Tmut/Pois #.......     98%         3    ####...
 Mephitic Cloud           Conj/Pois/Air  #.......     98%         3    ####...
 Ozocubu's Armour         Chrm/Ice       #.......     98%         3    ####...
 Regeneration             Chrm/Necr      #.........   98%         3    ####...
 Tukima's Dance           Hex            #.......     98%         3    ####...
 Vampiric Draining        Necr           #.........   98%         3    ####...
 Animate Dead             Necr           N/A          100%        4    #####..
 Cause Fear               Hex            #.........   100%        4    #####..
 Fulminant Prism          Conj/Hex       #.........   100%        4    #####..
 Ice Form                 Ice/Tmut       #.......     100%        4    #####..
 Iskenderun's Mystic Bla  Conj           #.......     100%        4    #####..
 Olgreb's Toxic Radiance  Pois           #.......     100%        4    #####..
 Sticky Flame             Conj/Fire      #.......     100%        4    #####..
 Summon Ice Beast         Ice/Summ       #.......     100%        4    #####..
 Throw Icicle             Conj/Ice       #.......     100%        4    #####..
 Agony                    Necr           #.......     100%        5    ######.
 Aura of Abjuration       Summ           #.........   100%        5    ######.
 Bolt of Draining         Conj/Necr      #.........   100%        5    ######.
 Bolt of Magma            Conj/Fire/Erth #.........   100%        5    ######.
 Borgnjor's Vile Clutch   Necr/Erth      #.........   100%        5    ######.
 Dispel Undead            Necr           #.......     100%        5    ######.
 Excruciating Wounds      Chrm/Necr      #.........   100%        5    ######.
 Fireball                 Conj/Fire      #.........   100%        5    ######.
 Iskenderun's Battlesphe  Conj/Chrm      #.......     100%        5    ######.
 Metabolic Englaciation   Hex/Ice        #.........   100%        5    ######.
 Silence                  Hex/Air        #.........   100%        5    ######.
 Summon Demon             Summ           #.........   100%        5    ######.
 Summon Forest            Summ/Tloc      #.........   100%        5    ######.
 Summon Mana Viper        Hex/Summ       #.......     100%        5    ######.
 Venom Bolt               Conj/Pois      #.........   100%        5    ######.
 Yara's Violent Unravell  Hex/Tmut       #.........   100%        5    ######.
 Bolt of Cold             Conj/Ice       #.........   100%        6    #######
 Bolt of Fire             Conj/Fire      #.........   100%        6    #######
 Darkness                 Hex            #.........   100%        6    #######
 Death Channel            Necr           #.........   100%        6    #######
 Deflect Missiles         Chrm/Air       #.........   100%        6    #######
 Freezing Cloud           Conj/Ice/Air   #.........   100%        6    #######
 Iron Shot                Conj/Erth      #.........   100%        6    #######
 Ozocubu's Refrigeration  Ice            #.........   100%        6    #######
 Shadow Creatures         Summ           N/A          100%        6    #######
 Simulacrum               Ice/Necr       #.........   100%        6    #######
 Orb of Destruction       Conj           #.........   100%        7    #######
 Ring of Flames           Chrm/Fire      #.........   100%        7    #######
 Spellforged Servitor     Conj/Summ      #.........   100%        7    #######
 Summon Hydra             Summ           #.........   100%        7    #######
 Discord                  Hex            #.........   100%        8    #######
 Ignition                 Fire           #.........   100%        8    #######


Dungeon Overview and Level Annotations

Branches:
Dungeon (15/15)            Temple (1/1) D:5            Lair (6/6) D:11
 Shoals (4/4) Lair:3        Snake (4/4) Lair:3        Slime (0/5) Lair:6
    Orc (2/2) D:10            Elf (2/3) Orc:2        Vaults (4/5) D:14
  Crypt (0/3) Vaults:3     Depths (4/5) D:15          Sewer (visited)
Ossuary (visited)           IceCv (visited)         Gauntlet (visited)

Altars:
Ashenzari
Cheibriados
Dithmenos
Gozag
Hepliaklqana
Makhleb
Nemelex Xobeh
Ru
Sif Muna
Trog
Vehumet
Zin
Beogh

Shops:
D:8 (   D:11 [   Orc:1 }*   Orc:2 %(((   Vaults:3 !   Depths:2 [

Portals:
Hell: Depths:1 Depths:2 Depths:3
Abyss: Depths:1 Depths:4
Pandemonium: Depths:1 Depths:3
Ziggurat: Depths:2

Annotations:
D:12 exclusion: downstairs
Lair:6 exclusion: 5 oklob plants
Shoals:2 exclusion: kraken


Innate Abilities, Weirdness & Mutations

You reflexively headbutt those who attack you in melee.
You have a pair of horns on your head.
You tend to lose your temper in combat.
Scrolls take you a little longer to read.
Your magical capacity is low. (-10% MP)


Message History

You are splashed with acid!
* * * LOW HITPOINT WARNING * * *
Unknown command.
You feel better. You block the caustic shrike's attack.
Your ynoxinul gestures.
You block the caustic shrike's attack. The deep troll bites your ufetubus!!
Your ufetubus dies!
Your hellwing hits the deep troll but does no damage. x2
You feel yourself speed up.
Your ynoxinul disappears in a puff of smoke!
Your ufetubus disappears in a puff of smoke! x2
The caustic shrike claws you.
* * * LOW HITPOINT WARNING * * *
You are splashed with acid.
* * * LOW HITPOINT WARNING * * *
You block the caustic shrike's attack.
Your hellwing swoops through the air toward the caustic shrike!
Your hellwing misses the caustic shrike. x2
You feel better. The caustic shrike claws you!!
You die...

#...# #####...#########
#...........+...#
#.#...#...#.#.#.#
#.........).....#
#+#.#...###.#...##
#.......#........)
#§#.#§#.#.#...#... ###
#@bT+...#......... #####.##
#####4..#########...## ...#...#
#.........^.#.[.'...# ...'...#
#.#...#...#[#.#.#.#.# ...#...#
#...........#.......#
####...######'##...#####...#.#'#
...........#...#...#...........#
)<...#...#.(...#.>.#)#...#...#.#
...........#(..#5}.#...........#


You could see a caustic shrike, a deep troll and a friendly hellwing.

Vanquished Creatures
  An ancient lich (Depths:3)
  Saint Roka (Snake:3)
  Vashnia (Snake:3)
  Xtahua (Vaults:3)
  Nikola (Snake:4)
  A golden dragon (Depths:2)
  Jorgrun (Shoals:2)
  Rupert (D:13)
  Asterion (Elf:2)
  2 deep elf blademasters
  A deep elf master archer (Depths:3)
  2 liches
  A quicksilver dragon (Depths:4)
  Polyphemus (Shoals:2)
  A kraken (Shoals:2)
  3 sphinxes
  4 tengu reavers
  A storm dragon (Depths:3)
  A storm dragon (shapeshifter) (Depths:3)
  Kirke (Shoals:1)
  10 nagarajas
  6 deep elf sorcerers
  9 frost giants
  Aizul (Snake:3)
  5 fire giants
  3 ghost moths (Depths:3)
  4 vault wardens
  2 orc warlords
  2 iron dragons (shapeshifter) (Depths:3)
  3 iron dragons (Depths:3)
  14 ironheart preservers
  5 very ugly things
  A war gargoyle (Depths:3)
  2 spriggan defenders (Depths:4)
  A reaper (Depths:1)
  6 stone giants
  An entropy weaver (Vaults:3)
  A deep elf demonologist (Vaults:4)
  A deep elf annihilator (Depths:3)
  2 spark wasps (Depths:3)
  A minotaur (Gauntlet)
  2 lorocyprocas (Depths:3)
  The ghost of Cupa the Destroyer, a journeyman TeAE of Sif Muna (Lair:4)
  2 merfolk javelineers (Shoals:4)
  6 deep elf death magi
  A fire dragon (Depths:2)
  9 merfolk impalers
  Josephine (Lair:5)
  A jiangshi (Vaults:3)
  4 ettins
  11 yaktaur captains
  A crystal guardian (Depths:3)
  9 hydras
  A vault guard (Vaults:2)
  5 great orbs of eyes
  An ice dragon (shapeshifter) (Depths:3)
  7 ice dragons
  5 rakshasas
  17 anacondas
  9 naga warriors
  9 spriggan air magi
  3 juggernaut simulacra (Depths:3)
  4 merfolk avatars
  5 centaur warriors
  5 merfolk aquamancers
  43 two-headed ogres
  An alligator snapping turtle (Shoals:1)
  2 catoblepae
  11 ogre magi
  2 death knights
  A queen ant (Lair:3)
  28 dancing weapons
  11 death yaks
  The ghost of Skallagrim the Destroyer, a journeyman DECj of Vehumet (D:11)
  8 deep troll shamans
  A vampire mage (Vaults:3)
  3 tengu warriors
  Urug (Lair:5)
  4 orc high priests (Orc:2)
  11 deep troll earth magi
  A spriggan berserker (Depths:2)
  16 naga sharpshooters
  5 shock serpents
  31 deep elf knights
  A soul eater (Gauntlet)
  4 hell knights
  A fire crab (shapeshifter) (Vaults:1)
  4 iron trolls
  2 skeletal warriors (D:15)
  A shadow wraith (Vaults:3)
  A death drake (shapeshifter) (Depths:3)
  5 unseen horrors
  25 deep trolls
  3 glowing orange brains
  4 salamander mystics
  9 sea snakes
  2 orange crystal statues
  A flayed ghost (Vaults:3)
  17 deep elf archers
  4 phantasmal warriors
  9 naga ritualists
  2 harpies (shapeshifter)
  14 ironbrand convokers
  81 deep elf magi
  5 wizards
  19 orc knights
  9 harpies
  5 necromancers
  A sphinx zombie (Vaults:4)
  8 mana vipers
  A tengu zombie (D:15)
  6 cyclopes
  3 wolf spiders
  3 fauns
  2 manticores (shapeshifter)
  2 tengu skeletons
  A cyclops (shapeshifter) (Depths:3)
  38 ugly things
  14 manticores
  8 orc sorcerers
  14 salamanders
  2 rust devils (Depths:1)
  43 black mambas
  4 water nymphs
  17 naga magi
  An ice statue (IceCv)
  7 merfolk sirens
  19 guardian serpents
  6 elephants
  Maurice (Orc:1)
  2 gargoyles
  A torpor snail (Lair:3)
  A black mamba (shapeshifter) (Vaults:2)
  7 vault sentinels
  2 orange demons (Depths:1)
  A spiny frog (shapeshifter) (Elf:1)
  26 spiny frogs
  7 rime drakes
  An ice devil (Vaults:4)
  A minotaur zombie (Gauntlet)
  13 freezing wraiths
  6 komodo dragons
  30 yaktaurs
  A jumping spider (Vaults:3)
  13 trolls
  6 meliai
  A tengu conjurer (Depths:1)
  2 trolls (shapeshifter) (Depths:1)
  A polar bear (Lair:6)
  5 hornets
  A wolf spider simulacrum (IceCv)
  5 wind drakes
  4 tyrant leeches (Lair:6)
  19 blink frogs
  A raiju (shapeshifter) (Elf:1)
  Prince Ribbit (D:7)
  25 merfolk
  A blink frog (shapeshifter) (Vaults:2)
  18 hippogriffs
  A deep troll zombie (D:15)
  A slime creature (shapeshifter) (Depths:3)
  A raiju (Gauntlet)
  17 slime creatures
  10 dream sheep
  A human simulacrum (Vaults:2)
  11 snapping turtles
  An ettin zombie (Vaults:4)
  2 hippogriffs (shapeshifter)
  3 redbacks (Vaults:3)
  3 spriggans
  A shadow (D:14)
  16 water elementals
  A vampire (D:14)
  4 air elementals
  8 basilisks
  A fire dragon skeleton (D:15)
  A yak (shapeshifter) (Elf:1)
  7 wraiths
  5 wyverns
  A ynoxinul (Vaults:4)
  54 yaks
  3 hogs (Shoals:1)
  2 fire bats (Depths:1)
  4 steam dragons
  A death yak simulacrum (IceCv)
  A golden eye (shapeshifter) (Vaults:2)
  4 hungry ghosts
  A chaos spawn (Depths:1)
  11 wargs
  13 vampire mosquitoes
  Edmund (D:5)
  22 soldier ants
  49 nagas
  3 acid dragons
  11 water moccasins
  A water moccasin (shapeshifter) (D:14)
  5 porcupines
  16 ice beasts
  5 sky beasts
  Purgy (D:4)
  63 orc warriors
  A phantom (D:9)
  2 black bears
  An ettin simulacrum (Vaults:2)
  A necrophage (D:8)
  21 centaurs
  14 boggarts
  36 ogres
  6 wolves (Lair:5)
  2 human skeletons (Vaults:2)
  15 crocodiles
  6 big kobolds
  31 bullfrogs
  2 earth elementals (Elf:1)
  3 scorpions
  An elephant simulacrum (IceCv)
  A swamp dragon simulacrum (IceCv)
  25 killer bees
  2 elf simulacra
  A wight (D:10)
  3 spriggan skeletons (D:12)
  A troll skeleton (D:12)
  4 howler monkeys
  2 electric eels
  7 crimson imps
  3 bullfrog zombies
  A draconian simulacrum (IceCv)
  A quasit (Depths:1)
  A lava snake (Lair:5)
  2 centaur zombies (Ossuary)
  2 hounds
  A gnoll shaman (D:8)
  5 jellies
  28 orc priests
  6 centaur skeletons
  26 orc wizards
  14 mummies (Ossuary)
  8 iguanas
  Natasha (D:2)
  32 worker ants
  6 troll simulacra (IceCv)
  A killer bee zombie (Ossuary)
  2 centaur simulacra (IceCv)
  3 hound skeletons
  2 worker ant zombies (Ossuary)
  12 gnolls
  14 adders
  An ogre simulacrum (IceCv)
  5 naga simulacra (IceCv)
  12 shadow imps
  13 white imps
  2 ufetubi (Depths:1)
  2 oozes
  3 adder skeletons
  3 adder zombies
  4 worms
  4 dart slugs
  6 leopard geckos
  142 orcs
  14 giant cockroaches
  8 goblins
  8 hobgoblins
  27 jackals
  7 quokkas
  3 ball pythons
  A ball python zombie (Ossuary)
  6 bats
  5 frilled lizards
  39 kobolds
  A leopard gecko skeleton (D:6)
  A quokka skeleton (D:5)
  3 quokka zombies
  11 rats
  A fungus (Lair:5)
  4 plants
  4 tentacles (Shoals:2)
2104 creatures vanquished.

Vanquished Creatures (collateral kills)
  Ilsuiw (Shoals:2)
  A deep elf sorcerer (Vaults:3)
  2 ironheart preservers
  A very ugly thing (Vaults:4)
  A deep elf death mage (Vaults:4)
  6 merfolk javelineers
  A great orb of eyes (Depths:1)
  Erolcha (D:11)
  A hydra (D:15)
  A naga warrior (Snake:4)
  A satyr (Shoals:3)
  A centaur warrior (Vaults:3)
  An ogre mage (Vaults:3)
  3 two-headed ogres (Vaults:3)
  2 death yaks
  Sonja (D:11)
  A sea snake (Shoals:3)
  A naga ritualist (Snake:4)
  2 ironbrand convokers (Vaults:1)
  6 ugly things
  A deep elf mage (Vaults:4)
  An orc knight (Orc:2)
  3 fauns
  A salamander (Snake:4)
  A manticore (Shoals:2)
  2 cyclopes
  A merfolk siren (Shoals:2)
  3 naga magi
  A guardian serpent (Snake:4)
  4 freezing wraiths (IceCv)
  4 merfolk (Shoals:2)
  A tengu conjurer (Shoals:2)
  A hippogriff (D:15)
  A water elemental (Shoals:2)
  3 nagas
  A soldier ant (D:11)
  3 ice beasts
  4 orc warriors (Orc:2)
  An ettin simulacrum (Vaults:3)
  A boggart (shapeshifter) (Depths:3)
  A centaur (Vaults:1)
  A bullfrog (D:15)
  A draconian simulacrum (IceCv)
  4 orc priests (Orc:2)
  A centaur simulacrum (IceCv)
  2 ogre simulacra (IceCv)
  A naga simulacrum (IceCv)
  3 white imps (IceCv)
  An adder skeleton (D:9)
  10 orcs
  A kobold (D:11)
  A plant (Shoals:3)
  A tentacle (Shoals:2)
101 creatures vanquished.

Vanquished Creatures (others)
  A catoblepas (Shoals:2)
  An ogre mage (Vaults:1)
  2 deep elf magi (Elf:2)
  2 humans (Shoals:2)
  An orc warrior (D:15)
  A bullfrog (shapeshifter) (Depths:1)
  A white imp (IceCv)
  A ball lightning (Vaults:4)
  30 fungi
  65 plants
  13 tentacles (Shoals:2)
  A withered plant (Ossuary)
119 creatures vanquished.

Grand Total: 2324 creatures vanquished

Notes
Turn   | Place    | Note
-------+----------+-------------------------------------------
     0 | D:1      | martty the Minotaur Fighter began the quest for the Orb.
     0 | D:1      | Reached XP level 1. HP: 19/19 MP: 0/0
    78 | D:1      | Reached XP level 2. HP: 20/27 MP: 1/1
   348 | D:1      | Reached XP level 3. HP: 33/33 MP: 2/2
   355 | D:1      | Reached skill level 4 in Fighting
   812 | D:2      | Noticed Natasha
   822 | D:2      | Killed Natasha
   822 | D:2      | Reached XP level 4. HP: 25/40 MP: 0/3
  1378 | D:3      | Reached skill level 5 in Shields
  1378 | D:3      | Reached XP level 5. HP: 35/47 MP: 2/4
  1429 | D:3      | Found an opulent altar of Gozag.
  1429 | D:3      | Found a sparkling altar of Nemelex Xobeh.
  1734 | D:3      | Found a glowing drain.
  1753 | Sewer    | Entered a sewer
  1804 | Sewer    | Noticed a crocodile
  1821 | Sewer    | Killed a crocodile
  1821 | Sewer    | Reached skill level 5 in Polearms
  2370 | D:3      | Reached XP level 6. HP: 48/53 MP: 5/5
  2668 | D:4      | Found a sand-covered staircase.
  2737 | Ossuary  | Entered an ossuary
  2814 | Ossuary  | Reached skill level 5 in Fighting
  2821 | Ossuary  | Reached XP level 7. HP: 43/61 MP: 6/6
  3348 | D:4      | Found a snail-covered altar of Cheibriados.
  3348 | D:4      | Found a burning altar of Makhleb.
  3353 | D:4      | Became a worshipper of Makhleb the Destroyer
  3603 | D:4      | Noticed Purgy
  3628 | D:4      | Killed Purgy
  3628 | D:4      | Reached XP level 8. HP: 52/70 MP: 4/7
  3681 | D:4      | Found a radiant altar of Vehumet.
  3767 | D:5      | Entered Level 5 of the Dungeon
  3879 | D:5      | Found a staircase to the Ecumenical Temple.
  3887 | Temple   | Entered the Ecumenical Temple
  4097 | D:5      | Reached skill level 6 in Fighting
  4186 | D:5      | Found a bloodstained altar of Trog.
  4214 | D:5      | Noticed Edmund
  4239 | D:5      | Killed Edmund
  4920 | D:6      | Found a shattered altar of Ashenzari.
  4926 | D:6      | Found a glowing silver altar of Zin.
  4980 | D:6      | Reached * piety under Makhleb
  5013 | D:6      | Reached skill level 10 in Polearms
  5258 | D:6      | Reached skill level 7 in Fighting
  5258 | D:6      | Reached XP level 9. HP: 46/79 MP: 6/8
  5503 | D:6      | Found a shadowy altar of Dithmenos.
  6087 | D:7      | Noticed Prince Ribbit
  6126 | D:7      | Killed Prince Ribbit
  6170 | D:7      | Reached ** piety under Makhleb
  6357 | D:7      | Reached skill level 1 in Invocations
  6399 | D:7      | Reached skill level 8 in Fighting
  7033 | D:8      | Reached skill level 10 in Shields
  7212 | D:8      | Reached XP level 10. HP: 89/90 MP: 11/11
  7317 | D:8      | Found Ichealaa's Weapon Boutique.
  7716 | D:9      | Reached *** piety under Makhleb
  7961 | D:9      | Reached skill level 5 in Invocations
  8543 | D:10     | Entered Level 10 of the Dungeon
  9021 | D:10     | Found a staircase to the Orcish Mines.
  9102 | D:10     | Noticed a cyan ugly thing
  9487 | D:10     | Reached **** piety under Makhleb
  9563 | D:10     | Noticed a deep elf mage
  9703 | D:11     | Killed an unseen horror
  9703 | D:11     | Reached XP level 11. HP: 77/95 MP: 10/13
  9786 | D:11     | Noticed Erolcha
  9790 | D:11     | Noticed Sonja
 10035 | D:10     | Killed a cyan ugly thing
 10263 | D:11     | Noticed a white ugly thing
 10282 | D:11     | Killed a white ugly thing
 10343 | D:11     | Killed Sonja
 10350 | D:11     | Noticed a death yak
 10539 | D:11     | Noticed a death yak
 10544 | D:11     | Noticed a death yak
 10566 | D:11     | Killed a death yak
 10566 | D:11     | Reached skill level 15 in Shields
 10576 | D:11     | Killed a death yak
 10589 | D:11     | Reached skill level 9 in Fighting
 11006 | D:11     | Killed a death yak
 11019 | D:11     | Reached skill level 5 in Armour
 11061 | D:11     | Found a staircase to the Lair.
 11139 | D:11     | Found Qirul's Armour Boutique.
 11394 | D:11     | Killed Erolcha
 11448 | D:11     | Found a large runed translucent door.
 11449 | D:11     | Found a large runed translucent door.
 11450 | D:11     | Noticed Skallagrim's ghost (journeyman DECj)
 11772 | D:11     | Killed Skallagrim's ghost
 11894 | D:12     | Noticed a purple ugly thing
 11998 | D:12     | Learned a level 2 spell: Blink
 12003 | D:12     | Reached skill level 10 in Fighting
 12003 | D:12     | Reached XP level 12. HP: 106/106 MP: 14/14
 13178 | D:13     | Noticed Rupert
 13179 | D:13     | Paralysed by Rupert for 4 turns
 13802 | D:13     | You fall into a shaft and drop 2 floors!
 13802 | D:15     | Entered Level 15 of the Dungeon
 13802 | D:15     | Found a frozen archway.
 13857 | D:15     | Reached skill level 11 in Fighting
 13963 | IceCv    | Entered an ice cave
 14630 | IceCv    | Found an ancient bone altar of Kikubaaqudgha.
 14875 | IceCv    | Reached XP level 13. HP: 83/117 MP: 6/15
 14999 | D:15     | Found a staircase to the Depths.
 15023 | D:15     | Reached skill level 12 in Fighting
 15300 | D:15     | Reached skill level 10 in Armour
 15835 | D:14     | Reached skill level 15 in Polearms
 16026 | D:14     | Reached ***** piety under Makhleb
 16475 | D:13     | Reached skill level 13 in Fighting
 16585 | D:11     | Bought the +5 chain mail of Misanthropy {rPois Regen+
                  | Int-5} for 392 gold pieces
 16632 | Lair:1   | Entered Level 1 of the Lair of Beasts
 16806 | D:10     | Identified the Incunabulum of Intoxication and Ignition
 16858 | Orc:1    | Entered Level 1 of the Orcish Mines
 16923 | Orc:1    | Found Afaesk's Assorted Antiques.
 16932 | Orc:1    | Bought a bloodstained chain mail for 313 gold pieces
 16932 | Orc:1    | Bought a scroll of identify for 66 gold pieces
 16932 | Orc:1    | Identified the cursed +1 chain mail of the Orb Guardian
                  | {rPois rC++ MR+} (You bought it in a shop on level 1 of the
                  | Orcish Mines)
 17130 | Orc:2    | Entered Level 2 of the Orcish Mines
 17493 | Orc:1    | Found Fevasheps's Gadget Shop.
 17828 | Orc:1    | Noticed Maurice
 17849 | Orc:1    | Killed Maurice
 18200 | Orc:2    | Reached skill level 1 in Dodging
 18301 | Orc:2    | Found a roughly hewn altar of Beogh.
 18347 | Orc:2    | Reached skill level 1 in Translocations
 18448 | Orc:2    | Found Jisuutt's Food Emporium.
 18464 | Orc:2    | Found Iske's Antique Weapon Shoppe.
 18477 | Orc:2    | Reached XP level 14. HP: 83/130 MP: 10/16
 18860 | Orc:2    | Bought a runed trident for 162 gold pieces
 19375 | Orc:2    | Noticed an orc warlord
 19402 | Orc:2    | Killed an orc warlord
 19485 | Orc:2    | Found a roughly hewn altar of Beogh.
 19518 | Orc:2    | Found Dah Wal's Weapon Emporium.
 19684 | Orc:2    | Found Xenitass's Antique Weapon Boutique.
 19768 | Orc:2    | Reached skill level 5 in Dodging
 19833 | Orc:2    | Found a staircase to the Elven Halls.
 19851 | Elf:1    | Entered Level 1 of the Elven Halls
 20746 | Lair:1   | You fall into a shaft and drop 1 floor!
 21031 | Lair:2   | Reached skill level 14 in Fighting
 21261 | Lair:2   | Reached ****** piety under Makhleb
 22030 | Lair:3   | Found a staircase to the Snake Pit.
 22585 | Lair:3   | Reached skill level 5 in Translocations
 22629 | Lair:3   | Found a staircase to the Shoals.
 23510 | Lair:4   | Reached XP level 15. HP: 139/139 MP: 13/17
 23556 | Lair:4   | Found a runed translucent door.
 23556 | Lair:4   | Noticed Cupa's ghost (journeyman TeAE)
 23605 | Lair:4   | Killed Cupa's ghost
 24258 | Lair:5   | Reached skill level 15 in Fighting
 24478 | Lair:5   | Found a gate leading to a gauntlet.
 24488 | Gauntlet | Entered a Gauntlet
 24488 | Gauntlet | Found a transporter.
 24488 | Gauntlet | Found a transporter.
 24488 | Gauntlet | Found a transporter.
 24489 | Gauntlet | Found a transporter.
 24499 | Gauntlet | Found a transporter.
 24502 | Gauntlet | Found a transporter.
 24510 | Gauntlet | Found a transporter.
 24513 | Gauntlet | Found a transporter.
 24522 | Gauntlet | Found a transporter.
 24539 | Gauntlet | Found a transporter.
 24544 | Gauntlet | Found a transporter.
 24547 | Gauntlet | Found a transporter.
 24780 | Gauntlet | Gained mutation: Scrolls take you a little longer to read.
                  | [a neqoxec]
 24785 | Gauntlet | Gained mutation: Your magical capacity is low. (-10% MP) [a
                  | neqoxec]
 24791 | Gauntlet | Paralysed by a floating eye for 4 turns
 24792 | Gauntlet | Gained mutation: You tend to lose your temper in combat. [a
                  | neqoxec]
 24799 | Gauntlet | Paralysed by a floating eye for 2 turns
 24804 | Gauntlet | Got a sparkling bronze ring
 25091 | Gauntlet | Identified the ring of the Komtur {Wiz +Blink rPois rC+
                  | MR++} (You found it in a Gauntlet)
 25207 | Lair:5   | Noticed Josephine
 25223 | Lair:5   | Killed Josephine
 25480 | Lair:5   | Noticed Urug
 25499 | Lair:5   | Killed Urug
 25760 | Lair:6   | Entered Level 6 of the Lair of Beasts
 26296 | Lair:6   | Found a staircase to the Slime Pits.
 26332 | Lair:6   | Reached skill level 16 in Fighting
 27044 | D:13     | Killed Rupert
 27191 | D:13     | Reached XP level 16. HP: 150/150 MP: 16/16
 28177 | D:14     | Found a gate to the Vaults.
 29131 | Shoals:1 | Entered Level 1 of the Shoals
 30026 | Shoals:2 | Noticed Kirke
 30141 | Shoals:2 | Noticed Polyphemus
 30213 | Shoals:2 | Noticed Ilsuiw
 30604 | Shoals:1 | Noticed a sphinx
 30605 | Shoals:1 | Killed Kirke
 30621 | Shoals:2 | Reached skill level 17 in Fighting
 30656 | Shoals:2 | Noticed a kraken
 31053 | Shoals:2 | Killed a kraken
 31604 | Shoals:2 | Killed Ilsuiw
 31890 | Shoals:2 | Noticed Jorgrun
 31907 | Shoals:2 | Killed Jorgrun
 32423 | Shoals:2 | Upgraded the game from 0.24-a0-725-gf1a930fc54 to
                  | 0.24-a0-736-g4e6fe308c7
 32659 | Shoals:2 | Killed Polyphemus
 32721 | Shoals:2 | Noticed a kraken
 33867 | Shoals:3 | Reached XP level 17. HP: 163/163 MP: 17/17
 34190 | Shoals:4 | Entered Level 4 of the Shoals
 34241 | Shoals:4 | Reached skill level 15 in Armour
 34651 | Shoals:4 | Reached skill level 18 in Fighting
 34822 | Shoals:4 | Got a barnacled rune of Zot
 35126 | Shoals:4 | Identified the +5 demon trident of the Gnat {freeze, rElec
                  | Int+3 Dex+2}
 35345 | Snake:1  | Entered Level 1 of the Snake Pit
 36938 | Snake:2  | Reached skill level 19 in Fighting
 37381 | Snake:3  | Reached XP level 18. HP: 176/176 MP: 20/20
 37555 | Snake:3  | Noticed Saint Roka
 37561 | Snake:3  | Killed Saint Roka
 37635 | Snake:3  | Noticed Vashnia
 37665 | Snake:3  | Killed Vashnia
 37821 | Snake:3  | Noticed Aizul
 37830 | Snake:3  | Killed Aizul
 38585 | Snake:4  | Entered Level 4 of the Snake Pit
 38715 | Snake:4  | Noticed Nikola
 38752 | Snake:4  | Killed Nikola
 40070 | Snake:4  | Reached skill level 20 in Fighting
 40088 | Snake:4  | Reached skill level 10 in Invocations
 40235 | Snake:4  | Reached XP level 19. HP: 185/185 MP: 23/23
 40359 | Snake:4  | Got a serpentine rune of Zot
 40727 | Vaults:1 | Entered Level 1 of the Vaults
 42215 | Vaults:2 | Found a roughly hewn altar of Beogh.
 42428 | Vaults:2 | Found a shimmering blue altar of Sif Muna.
 42495 | Vaults:2 | Reached skill level 21 in Fighting
 42704 | Vaults:2 | Reached skill level 1 in Throwing
 43265 | Vaults:2 | Reached XP level 20. HP: 198/198 MP: 24/24
 44343 | Vaults:3 | Noticed Xtahua
 44359 | Vaults:3 | Killed Xtahua
 44473 | Vaults:3 | Reached skill level 22 in Fighting
 44705 | Vaults:3 | Found Forhuqy's Distillery.
 44712 | Vaults:3 | Bought a potion of invisibility for 152 gold pieces
 44712 | Vaults:3 | Bought a potion of curing for 57 gold pieces
 44759 | Vaults:3 | Reached skill level 5 in Throwing
 44964 | Vaults:3 | Found a staircase to the Crypt.
 46045 | Vaults:4 | Reached XP level 21. HP: 195/209 MP: 25/25
 46111 | Vaults:4 | Found a gateway to a bazaar.
 46118 | Bazaar   | Entered a bazaar
 46118 | Bazaar   | Found Qyesiaw's Food Shoppe.
 46118 | Bazaar   | Found Citetha's Armour Emporium.
 46122 | Bazaar   | Found Kamikaos's General Store.
 46130 | Bazaar   | Bought a scroll of identify for 18 gold pieces
 46130 | Bazaar   | Bought a scroll of enchant weapon for 67 gold pieces
 46136 | Bazaar   | Found Cagust's Jewellery Emporium.
 46162 | Bazaar   | Bought a ration for 45 gold pieces
 46168 | Bazaar   | Bought a ration for 60 gold pieces
 46168 | Bazaar   | Bought a ration for 60 gold pieces
 46576 | Vaults:4 | Reached skill level 23 in Fighting
 46827 | Vaults:4 | HP: 8/211 [Ice Fiend/bolt of cold[a lich] (26)]
 47897 | Elf:1    | Found a radiant altar of Vehumet.
 49473 | Elf:2    | Found a runed translucent gate.
 49473 | Elf:2    | Found a runed translucent gate.
 49483 | Elf:2    | Found a runed translucent gate.
 49529 | Elf:2    | Noticed Asterion
 49539 | Elf:2    | Killed Asterion
 50763 | Depths:1 | Entered Level 1 of the Depths
 50791 | Depths:1 | Reached skill level 24 in Fighting
 50800 | Depths:1 | Reached XP level 22. HP: 161/222 MP: 26/26
 51407 | Depths:1 | Found a one-way gate to the infinite horrors of the Abyss.
 51695 | Depths:1 | Found a one-way gate leading to the halls of Pandemonium.
 51973 | Depths:1 | You fall into a shaft and drop 1 floor!
 51973 | Depths:2 | Found a gateway to a ziggurat.
 52099 | Depths:1 | Found a gateway to Hell.
 52581 | Depths:2 | Noticed a golden dragon
 52596 | Depths:2 | Killed a golden dragon
 52609 | Depths:2 | Identified the Papyrus of Glacial Bewitchment
 52712 | Depths:2 | Identified the +1 robe of Daisies {Regen+ Int+4}
 52997 | Depths:2 | Found Gedages's Antique Armour Boutique.
 53349 | Depths:2 | Got a spiked scale mail
 53360 | Depths:2 | Identified the +4 scale mail of Defence {-Cast rF+++ Int-2
                  | Slay+2} (You found it on level 2 of the Depths)
 53428 | Depths:2 | Reached skill level 25 in Fighting
 53719 | Depths:3 | Noticed an ancient lich
 53737 | Depths:3 | Killed an ancient lich
 54213 | Depths:3 | Reached XP level 23. HP: 234/234 MP: 27/27
 55218 | Depths:4 | Reached skill level 26 in Fighting
 55280 | Depths:4 | Noticed a caustic shrike
 55337 | Depths:3 | HP: 9/236 [acid (7)]
 55340 | Depths:3 | Slain by a caustic shrike

Levels and vault maps discovered:
D:1:      lemuel_arrival_behind_the_door_small, layout_loops_ring
D:2:      layout_basic, uniq_natasha
D:3:      minmay_roachtagon, layout_basic, grunt_temple_overflow_opulence,
          cheibrodos_sewer_entry_drain, grunt_ministairs_13
D:4:      wander_river, layout_rooms, kennysheep_mini,
          gammafunk_temple_overflow_wave, enter_ossuary_1, serial_glass,
          glass_columns_a, glass_columns_c, uniq_purgy
D:5:      layout_layer_cave, minmay_temple_entry_slanted, first_ration,
          basic_altar, uniq_edmund
D:6:      layout_gridville, cheibrodos_ashenzari_chains, lemuel_crystal_altar,
          grunt_dithmenos_smoke_and_mirrors, kennysheep_nondescript,
          nicolae_benzene_ring, minmay_diced_spiral
D:7:      layout_cave_pools, serial_glass, glass_columns_a, glass_columns_a,
          uniq_prince_ribbit1
D:8:      layout_cave_pods, serial_shops, shop, minmay_misc_feat_chi
D:9:      layout_cave_pools
D:10:     minmay_clustersquares, layout_cave_pools, orc_0_dummy
D:11:     layout_loops_cross, dpeg_lair_monsters, serial_shops, shop_coins,
          ebering_ghost_disaster_area, uniq_erolcha, uniq_sonja
D:12:     layout_layer_cave, the_bakery, hangedman_tell_no_tales
D:13:     layout_rooms, uniq_rupert
D:14:     layout_basic, david_vaults_1, minivault_14, minmay_misc_feat_ornament
D:15:     gammafunk_depths_entry_grave, layout_basic,
          portal_ice_cave_entry_ice_beasts, minmay_hedge_maze, serial_glass,
          glass_columns_b, glass_columns_a
Temple:   nicolae_temple_great_sept
Lair:1:   layout_cave_pods
Lair:2:   layout_misc_corridors, infiniplex_staircase_pool, lemuel_fruit_fields,
          serial_bayou_shore_a
Lair:3:   layout_chaotic_city, minmay_shoals_entry_centaurs,
          guppyfry_snake_entry_island, minivault_29
Lair:4:   layout_misc_corridors, special_room [special_room_mythical_zoo],
          hellmonk_ghost_happy_afterlife
Lair:5:   layout_gridlike, gauntlet_entry_generic, uniq_urug, uniq_josephine
Lair:6:   minmay_lair_end_frog_pond, layout_loops_ring,
          minmay_slime_entry_oklob_open, serial_bayou_shore_b,
          minmay_lair_oklob_chamber
Shoals:1: nicolae_shoals_island_circles, layout_shoals
Shoals:2: layout_shoals, kb_tengu_band, uniq_polyphemus, uniq_kirke,
          uniq_jorgrun, uniq_ilsuiw
Shoals:3: layout_shoals
Shoals:4: shoals_end_simple, layout_shoals
Snake:1:  layout_misc_corridors, drop_trap, hangedman_snake_corridor_split
Snake:2:  layout_gridlike
Snake:3:  layout_chambers, grunt_ministairs_7, nicolae_snake_salamander_stairs,
          uniq_aizul, uniq_vashnia, uniq_saint_roka
Snake:4:  grunt_snake_rune_serpentine_throne, layout_basic, uniq_nikola
Orc:1:    layout_caves, serial_shops, shop, shop, nicolae_orc_damp_corner,
          uniq_maurice
Orc:2:    pubby_orc_utopia
Elf:1:    eino_elf_arrival_altar, layout_loops_corners, minivault_28, drop_trap,
          nrook_mini_backslash, minivault_24, solitary_fountain
Elf:2:    layout_geoelf_diagonals, minmay_checkered_concentric_circles,
          uniq_asterion
Vaults:1: nicolae_vaults_network_barrier, grunt_vaults_diagonal,
          vaults_mumra_minichess, hangedman_vaults_nails,
          vaults_mumra_minichess_inversion, vaults_room_stairs_pillars,
          grunt_vaults_hallway_long, layout_vaults_omnigrid
Vaults:2: v_misc_9, nicolae_vaults_little_squares_4, grunt_vaults_hallway_long,
          special_room_vaults [special_room_orc],
          nicolae_vaults_yaktaur_gun_rack, nicolae_vaults_network_quincunx
          [nicolae_vaults_network_quincunx_subvault,
          nicolae_vaults_network_quincunx_subvault,
          nicolae_vaults_network_quincunx_subvault,
          nicolae_vaults_network_quincunx_subvault,
          nicolae_vaults_network_quincunx_subvault],
          ontoclasm_vaults_ring_small, v_misc_19, hangedman_vaults_locks,
          ontoclasm_vaults_ligature, v_alt_pattern_1, ontoclasm_vaults_eye,
          hangedman_vaults_stagger, vaults_dpeg_cross, nicolae_vaults_rhombus_6,
          layout_vaults_maze, basic_altar
Vaults:3: minmay_crypt_entry_simple_walls, grunt_vaults_trifunnel,
          grunt_vaults_hallway_long, grunt_vaults_hallway_long, st_hourglassy,
          ontoclasm_vaults_shuriken, nicolae_vaults_theta,
          layout_vaults_big_room, serial_shops,
          nicolae_shop_temple_entry_statues_fountains, uniq_xtahua
Vaults:4: ontoclasm_vaults_hangar, v_misc_24, hangedman_vaults_stream,
          hangedman_vaults_nodes, ontoclasm_vaults_misaligned,
          nicolae_vaults_border_crossing, nicolae_vaults_angled_halls,
          v_misc_27, ontoclasm_vaults_idyll, nicolae_vaults_rhombus_6,
          nicolae_vaults_circle_grid_b, v_misc_32, nicolae_vaults_shelves_hall,
          nicolae_vaults_display_case, v_misc_10, vaults_room_fancy_cross,
          layout_vaults_omnibox, serial_shops, bzr_entry_lakeside
Depths:1: layout_cave_pools, minmay_misc_feat_five, pf_hell_entry_tar_spiral,
          grunt_pan_entry_in_and_out, abyss_entry, nrook_pool_corridor,
          serial_bayou_pond_e, minivault_16, minmay_door_square, hex_tiny,
          evilmike_butchery
Depths:2: minmay_the_grid_plus_closed [minmay_the_grid_dragon_a,
          minmay_the_grid_airy, minmay_the_grid_plusring, minmay_the_grid_doors,
          minmay_the_grid_prize_shrinking_boxes], layout_cave_shapes,
          enter_ziggurat_e, serial_shops, shop, serial_sigils,
          serial_sigils_hangedman_writhe, serial_sigils_hangedman_scratch,
          serial_sigils_hangedman_leer, serial_sigils_hangedman_scar, hell_entry
Depths:3: hangedman_crystal_crosses_colossus [crystal_crosses_arms_four,
          crystal_crosses_arms_four, crystal_crosses_arms_two,
          crystal_crosses_arms_one], hell_entry, pan_entry
Depths:4: minmay_cut_squares, layout_long_grid, minmay_crystal_room,
          pf_coc_iceberg, abyss_entry_crystal, minmay_staircase_windowed_small,
          uniq_margery

Skill      XL: |  1  2  3  4  5  6  7  8  9 10 11 12 13 14 15 16 17 18 19 20 21 22 23 |
---------------+----------------------------------------------------------------------+-----
Shields        | 4 5 6 7 8 10 13 15 | 15.1
Polearms       | 3 4 5 6 8 10 11 12 14 15 16 17 18 19 20 21 22 23 24 25 | 25.1
Fighting       | 4 5 7 8 10 11 13 14 16 17 19 20 21 22 24 25 26 | 26.0
Invocations    | 3 5 7 10 11 | 11.2
Armour         | 6 9 11 12 13 14 16 17 18 19 | 19.3
Dodging        | 2 6 |  6.1
Translocations | 1 5 6 8 |  8.0
Throwing       | 3 6 9 |  9.0

Action                   |  1- 3 |  4- 6 |  7- 9 | 10-12 | 13-15 | 16-18 | 19-21 | 22-24 || total
-------------------------+-------+-------+-------+-------+-------+-------+-------+-------++-------
Melee: Trident           |    98 |   235 |   544 |  1002 |  2074 |   874 |       |       ||  4827
       Headbutt          |    12 |    44 |    99 |   211 |   537 |   351 |   373 |   155 ||  1782
       Demon trident     |       |       |       |       |       |  1053 |  1617 |   556 ||  3226
Throw: Stone             |       |     2 |     6 |    32 |    48 |    18 |       |       ||   106
       Javelin           |       |       |       |       |       |    49 |   124 |   222 ||   395
Invok: Lesser Servant of |       |       |       |    27 |    16 |    69 |    49 |    22 ||   183
       Greater Servant o |       |       |       |       |       |     1 |       |       ||     1
 Abil: Evoke Flight      |       |       |       |       |       |    20 |       |       ||    20
       Evoke Blink       |       |       |       |       |       |     2 |     7 |     6 ||    15
Evoke: Wand              |       |       |       |       |       |     2 |       |       ||     2
  Use: Scroll            |       |     2 |    11 |    11 |    12 |     8 |     8 |     1 ||    53
       Potion            |       |       |     2 |     7 |     3 |    10 |     3 |     6 ||    31
 Stab: Distracted        |       |       |       |     4 |     3 |     5 |     7 |     3 ||    22
       Invisible         |       |       |       |     5 |       |       |       |       ||     5
       Petrified         |       |       |       |       |       |     5 |       |       ||     5
  Eat: Chunk             |       |     6 |    12 |    14 |    24 |    27 |    28 |    12 ||   123
       Ration            |       |       |     2 |     4 |     5 |     6 |     2 |     1 ||    20
Armor: Scale mail        |    39 |    91 |   100 |   210 |    63 |       |       |       ||   503
       Skin              |       |       |       |    30 |       |       |       |       ||    30
       Chain mail        |       |       |       |       |   337 |    23 |     1 |       ||   361
       Robe              |       |       |       |       |     1 |       |       |       ||     1
       Plate armour      |       |       |       |       |       |   453 |    98 |       ||   551
       Fire dragon scale |       |       |       |       |       |       |   180 |   117 ||   297
       Crystal plate arm |       |       |       |       |       |       |       |    87 ||    87
Dodge: Dodged            |    28 |    80 |   101 |   216 |   316 |   341 |   234 |   180 ||  1496
Block: Shield            |    58 |   117 |   179 |   477 |   744 |   808 |   534 |   333 ||  3250

Table legend:
 A = Non-vault XP
 B = Vault XP
 C = Vault XP percentage of total XP
 D = Non-vault monster count
 E = Vault monster count
 F = Vault count percentage of total count
                 A         B        C        D         E       F
            +---------+---------+-------+---------+---------+-------
      Total |  492414 |  413116 |  45.6 |    1314 |     885 |  40.2
            +---------+---------+-------+---------+---------+-------
        D:1 |      59 |       0 |   0.0 |      30 |       0 |   0.0
        D:2 |      66 |      35 |  34.7 |      22 |       1 |   4.3
        D:3 |      55 |      85 |  60.7 |      22 |      19 |  46.3
        D:4 |     248 |     132 |  34.7 |      26 |       1 |   3.7
        D:5 |     427 |     171 |  28.6 |      19 |       1 |   5.0
        D:6 |     974 |     119 |  10.9 |      30 |       4 |  11.8
        D:7 |    1289 |     268 |  17.2 |      22 |       1 |   4.3
        D:8 |     921 |       0 |   0.0 |      25 |       0 |   0.0
        D:9 |    3486 |       0 |   0.0 |      38 |       0 |   0.0
       D:10 |    3411 |    1521 |  30.8 |      39 |       9 |  18.8
       D:11 |    5347 |    3445 |  39.2 |      58 |       7 |  10.8
       D:12 |    5622 |     571 |   9.2 |      30 |       8 |  21.1
       D:13 |    5226 |    2587 |  33.1 |      18 |       1 |   5.3
       D:14 |   10742 |    1837 |  14.6 |      41 |       3 |   6.8
       D:15 |   22844 |    5396 |  19.1 |      57 |      16 |  21.9
     Lair:1 |    4512 |       0 |   0.0 |      13 |       0 |   0.0
     Lair:2 |    6123 |       0 |   0.0 |      23 |       0 |   0.0
     Lair:3 |    6565 |    5889 |  47.3 |      22 |      48 |  68.6
     Lair:4 |    3043 |    7790 |  71.9 |      11 |      24 |  68.6
     Lair:5 |    5111 |    2805 |  35.4 |      24 |       6 |  20.0
     Lair:6 |   13211 |   16238 |  55.1 |      35 |      55 |  61.1
   Shoals:1 |    9060 |    2542 |  21.9 |      18 |       4 |  18.2
   Shoals:2 |   15597 |   11446 |  42.3 |      40 |      13 |  24.5
   Shoals:3 |   11660 |       0 |   0.0 |      26 |       0 |   0.0
   Shoals:4 |   11039 |   20087 |  64.5 |      23 |      32 |  58.2
    Snake:1 |   18012 |    5862 |  24.6 |      37 |      14 |  27.5
    Snake:2 |   10456 |       0 |   0.0 |      23 |       0 |   0.0
    Snake:3 |   11308 |   15917 |  58.5 |      21 |      18 |  46.2
    Snake:4 |   30190 |   40161 |  57.1 |      52 |      63 |  54.8
      Orc:1 |    3709 |    1406 |  27.5 |      32 |      12 |  27.3
      Orc:2 |       0 |   16294 | 100.0 |       0 |     129 | 100.0
      Elf:1 |   25393 |   10948 |  30.1 |      41 |      19 |  31.7
      Elf:2 |   23366 |   29910 |  56.1 |      41 |      38 |  48.1
   Vaults:1 |   27419 |   13435 |  32.9 |      50 |      20 |  28.6
   Vaults:2 |   37729 |   22094 |  36.9 |      77 |      52 |  40.3
   Vaults:3 |   52635 |   19328 |  26.9 |      79 |      23 |  22.5
   Vaults:4 |   24307 |   33210 |  57.7 |      36 |      58 |  61.7
   Depths:1 |   32340 |    3713 |  10.3 |      47 |      15 |  24.2
   Depths:2 |   29464 |   24333 |  45.2 |      44 |      19 |  30.2
   Depths:3 |    1726 |   79278 |  97.9 |       2 |      56 |  96.6
   Depths:4 |   17722 |    4251 |  19.3 |      20 |       2 |   9.1
      Sewer |       0 |     112 | 100.0 |       0 |       6 | 100.0
    Ossuary |       0 |     659 | 100.0 |       0 |      25 | 100.0
      IceCv |       0 |    5865 | 100.0 |       0 |      54 | 100.0
   Gauntlet |       0 |    3376 | 100.0 |       0 |       9 | 100.0
            +---------+---------+-------+---------+---------+-------
